 Dungeon Crawl Stone Soup version 0.23-a0-175-g97aacdb (webtiles) character file.

27903 iamserjio the Destroyer (level 13, 24/88 HPs)
             Began as an Octopode Wanderer on Sept 17, 2018.
             Was an Elder of Vehumet.
             Quit the game on level 1 of the Orcish Mines.
             The game lasted 01:17:19 (27161 turns).

iamserjio the Destroyer (Octopode Wanderer)        Turns: 27161, Time: 01:17:20

Health: 24/88      AC:  3    Str: 16    XL:     13   Next: 35%
Magic:  25/25      EV: 23    Int: 22    God:    Vehumet [****..]
Gold:   156        SH:  0    Dex: 18    Spells: 9/28 levels left

rFire    + + .     SeeInvis .   i - +2 flail (protect)
rCold    . . .     Gourm    .   (no shield)
rNeg     . . .     Faith    .   C - +2 hat
rPois    .         Spirit   .   (no amulet)
rElec    .         Reflect  .   u - ring of stealth
rCorr    .         Harm     .   l - +4 ring of dexterity
MR       +....                  r - ring of protection from magic
Stlth    +++.......             y - +4 ring of intelligence
HPRegen  0.24/turn              c - +6 ring of strength
MPRegen  0.19/turn              U - ring of protection from fire
                                W - ring of protection from fire
                                Y - ring of wizardry

@: confused, lethally poisoned (24 -> -20)
A: almost no armour, stealthy swim, amphibious, 8 rings, constrict 8, camouflage
1, gelatinous body 1
a: Renounce Religion


You were on level 1 of the Orcish Mines.
You worshipped Vehumet.
Vehumet was greatly pleased with you.
You were hungry.

You visited 3 branches of the dungeon, and saw 16 of its levels.

You collected 1159 gold pieces.
You spent 1003 gold pieces at shops.

Inventory:

Hand Weapons
 e - a cursed -1 trident
 i - a +2 flail of protection (weapon)
 G - a +3 flail of freezing
 L - the +6 shortbow of the Middle {velocity, rN+}
   (You found it on level 5 of the Dungeon)

   Any arrow fired from it inflicts extra damage.
   It protects you from negative energy.
 S - the +4 arbalest "Raust" {venom, rF- rN+++ Int+3 Dex-3 SInv}
   (You found it on level 6 of the Dungeon)

   It poisons the ammo it fires.
   It affects your intelligence (+3).
   It affects your dexterity (-3).
   It makes you vulnerable to fire.
   It renders you almost immune to negative energy.
   It lets you see invisible.
Missiles
 d - 34 bolts
 R - 86 arrows
 Z - a throwing net (quivered) {!f}
Armour
 C - a +2 hat (worn)
Jewellery
 c - a +6 ring of strength (on tentacle)
 l - a +4 ring of dexterity (right tentacle)
 r - a ring of protection from magic (on tentacle)
 u - a ring of stealth (left tentacle)
 y - a +4 ring of intelligence (on tentacle)
 U - a ring of protection from fire (on tentacle)
 W - a ring of protection from fire (on tentacle)
 Y - a ring of wizardry (on tentacle)
Wands
 K - a wand of acid (2)
 P - a wand of scattershot (7)
 X - a wand of digging (14)
Scrolls
 a - a scroll of noise {unknown}
 b - 5 scrolls of teleportation
 g - a scroll of silence {unknown}
 n - a scroll of holy word
 p - 3 scrolls of amnesia
 t - 2 scrolls of immolation {unknown}
 v - 6 scrolls of remove curse {@r2}
 x - 5 scrolls of magic mapping
 B - 3 scrolls of enchant weapon
 F - a scroll of fear {unknown}
 I - a scroll of blinking
 N - 2 scrolls of summoning
 O - a scroll of fog
 T - 3 scrolls of enchant armour {unknown}
Potions
 h - 4 potions of cancellation
 j - 2 potions of haste
 m - a potion of invisibility
 o - 3 potions of lignification
 q - 3 potions of agility
 s - 3 potions of magic
 w - 3 potions of brilliance
 z - a potion of might
 E - 2 potions of resistance
 J - 4 potions of mutation
 Q - a potion of flight
Comestibles
 f - 12 rations


   Skills:
 - Level 8.0 Fighting
 - Level 1.0 Crossbows
 - Level 12.0 Dodging
 - Level 1.3 Stealth
 * Level 8.0 Spellcasting
 + Level 13.9 Conjurations
 - Level 2.0 Hexes
 - Level 1.2 Translocations
 - Level 4.0 Fire Magic
 - Level 1.1 Air Magic
 - Level 1.0 Poison Magic
 - Level 2.0 Evocations


You had 9 spell levels left.
You knew the following spells:

 Your Spells              Type           Power        Failure   Level  Hunger
a - Inner Flame           Hex/Fire       ###.....     1%          3    None
b - Mephitic Cloud        Conj/Pois/Air  ####....     1%          3    None
c - Conjure Flame         Conj/Fire      #####...     1%          3    None
d - Blink                 Tloc           N/A          2%          2    None
e - Fulminant Prism       Conj/Hex       #####.....   1%          4    ###....
f - Sticky Flame          Conj/Fire      #####...     1%          4    ###....

Your spell library contained the following spells:

 Spells                   Type           Power        Failure   Level  Hunger
 Airstrike                Air            ##........   5%          4    ###....
 Corona                   Hex            ###....      1%          1    None
 Magic Dart               Conj           ####         1%          1    None
 Slow                     Hex            ###.....     1%          2    None
 Call Imp                 Summ           #.......     4%          2    None
 Portal Projectile        Hex/Tloc       ###...       4%          3    None
 Cause Fear               Hex            ###.......   13%         4    ###....
 Leda's Liquefaction      Hex/Erth       ##........   19%         4    ###....


Dungeon Overview and Level Annotations

Branches:
Dungeon (13/15)            Temple (1/1) D:6            Lair (0/6) D:11
    Orc (2/2) D:9             Elf (0/3) Orc:2        Vaults (0/5) D:13

Altars:
Ashenzari
Cheibriados
Dithmenos
Elyvilon
Fedhas
Gozag
Hepliaklqana
Kikubaaqudgha
Makhleb
Nemelex Xobeh
Okawaru
Qazlal
Ru
Sif Muna
Trog
Uskayaw
Vehumet
Wu Jian
Xom
Yredelemnul
Zin
The Shining One
Beogh

Shops:
D:4 *   D:6 [   D:8 =   D:11 (?%?   Orc:1 (   Orc:2 ::?[

Annotations:
D:13 Rupert
Orc:1 Tubeyxat's ghost, journeyman HOMo
Orc:2 HAL9000's ghost, journeyman MiFi


Innate Abilities, Weirdness & Mutations

You cannot wear most types of armour.
You are very stealthy in the water. (Stealth+)
You are amphibious.
You can wear up to eight rings at the same time.
You can use your tentacles to constrict eight enemies at once.
Your skin changes colour to match your surroundings (Stealth+).
Your rubbery body absorbs attacks. (AC +1, EV +1)


Message History

Tubeyxat's ghost hits you but does no damage.
You feel very sick.
You feel very sick.
You feel very sick. Tubeyxat's ghost hits you.
* * * LOW HITPOINT WARNING * * *
You are more poisoned.
You're too confused to cast spells.
Okay, then.
* * * LOW HITPOINT WARNING * * *
You feel very sick.
You feel very sick.
Tubeyxat's ghost whispers, "Everlasting silence awaits you..."
Tubeyxat's ghost hits you.
* * * LOW HITPOINT WARNING * * *
You are more poisoned.
There is a stone staircase leading down here.
* * * LOW HITPOINT WARNING * * *
You feel very sick.
Okay, then.

#..........#.#..[.#...
##.............).#....
#.....##.....#[[......
##......)[....#.[.....
#..............#...##.
#...............######
##...[............##
##...>............#
##...@W...........##
#.................#
##....8..........##
#............#...#
##..8.∩.8...###.##
#............####
#.....8[..#.##
#........####
##........#


You could see Tubeyxat's ghost.

Vanquished Creatures
  An orc warlord (Orc:1)
  2 hydras
  4 ogre magi (Orc:2)
  2 two-headed ogres
  An orc high priest (Orc:1)
  2 orc knights (Orc:1)
  8 orc sorcerers
  A manticore (D:11)
  A deep elf mage (D:12)
  A cyclops (D:12)
  3 ugly things
  2 gargoyles
  Psyche (D:10)
  A komodo dragon (D:11)
  2 trolls (D:11)
  3 hippogriffs
  5 yaks (D:12)
  A steam dragon (D:8)
  2 hungry ghosts
  3 wargs (Orc:1)
  A water moccasin (D:6)
  26 orc warriors
  2 black bears
  8 ice beasts
  A necrophage (D:7)
  2 sky beasts
  13 ogres
  2 phantoms
  4 centaurs
  2 wolves (D:11)
  A big kobold (D:10)
  Blork the orc (D:4)
  8 bullfrogs
  A gnoll sergeant (D:12)
  A wyvern zombie (D:10)
  5 scorpions
  21 killer bees
  8 wights
  3 electric eels (D:11)
  6 howler monkeys
  6 crimson imps
  4 centaur zombies
  2 centaur skeletons
  12 hounds
  12 orc priests
  Crazy Yiuf (D:3)
  4 bullfrog skeletons
  6 jellies
  5 iguanas
  Natasha (thrice) (D:3)
  34 orc wizards
  7 worker ants
  7 gnolls
  4 adders
  A shadow imp (D:10)
  9 oozes
  2 adder zombies
  5 adder skeletons
  A worm (D:6)
  2 dart slugs
  2 leopard geckos
  65 orcs
  2 ball pythons
  5 bats
  11 giant cockroaches
  8 goblins
  3 hobgoblins
  9 jackals
  7 kobolds
  5 quokkas
  8 frilled lizards
  A leopard gecko skeleton (D:5)
  A leopard gecko zombie (D:8)
  12 rats
428 creatures vanquished.

Vanquished Creatures (others)
  20 fulminant prisms
  6 withered plants (Orc:2)
26 creatures vanquished.

Grand Total: 454 creatures vanquished

Notes
Turn   | Place    | Note
-------+----------+-------------------------------------------
     0 | D:1      | iamserjio the Octopode Wanderer began the quest for the
                  | Orb.
     0 | D:1      | iamserjio set off with: a scroll of teleportation, a +0
                  | hand crossbow, 23 bolts, a ration
     0 | D:1      | Reached XP level 1. HP: 14/14 MP: 2/2
     2 | D:1      | Learned a level 1 spell: Magic Dart
    34 | D:1      | Reached skill level 1 in Dodging
    80 | D:1      | Reached XP level 2. HP: 19/19 MP: 3/3
   496 | D:1      | Reached XP level 3. HP: 24/24 MP: 4/4
   889 | D:1      | Learned a level 3 spell: Mephitic Cloud
  1073 | D:2      | Found a glowing golden altar of the Shining One.
  1229 | D:2      | Reached XP level 4. HP: 24/29 MP: 5/5
  1571 | D:2      | Found a bloodstained altar of Trog.
  1572 | D:2      | Reached skill level 1 in Poison Magic
  1886 | D:3      | Found an ancient bone altar of Kikubaaqudgha.
  2300 | D:3      | Noticed Natasha
  2309 | D:3      | Killed Natasha
  2309 | D:3      | Reached skill level 1 in Conjurations
  2309 | D:3      | Reached skill level 1 in Air Magic
  2568 | D:3      | Found a runed door.
  2674 | D:3      | Reached XP level 5. HP: 31/34 MP: 6/6
  3055 | D:3      | Noticed Natasha
  3067 | D:3      | Killed Natasha
  3150 | D:3      | Learned a level 3 spell: Conjure Flame
  3241 | D:3      | Noticed Natasha
  3246 | D:3      | Killed Natasha
  3324 | D:4      | Reached XP level 6. HP: 27/39 MP: 7/9
  3913 | D:3      | Reached skill level 2 in Conjurations
  4032 | D:4      | Found a blossoming altar of Fedhas.
  4051 | D:4      | Reached skill level 5 in Dodging
  4249 | D:4      | Reached XP level 7. HP: 45/45 MP: 3/10
  4263 | D:4      | Reached skill level 3 in Conjurations
  4381 | D:4      | Noticed Blork the orc
  4402 | D:4      | Killed Blork the orc
  4597 | D:4      | Found Tyosof Imat's General Store.
  4600 | D:4      | Bought a scroll of identify for 24 gold pieces
  4600 | D:4      | Bought a potion of degeneration for 12 gold pieces
  4963 | D:3      | Noticed Crazy Yiuf
  4968 | D:3      | Killed Crazy Yiuf
  5064 | D:5      | Entered Level 5 of the Dungeon
  5373 | D:5      | Learned a level 2 spell: Blink
  5418 | D:5      | Found a sparkling altar of Nemelex Xobeh.
  5516 | D:5      | Got a smoking shortbow
  5547 | D:5      | Found a shimmering altar of Xom.
  5548 | D:5      | Found a burning altar of Makhleb.
  5565 | D:5      | Reached skill level 4 in Conjurations
  5671 | D:5      | Reached skill level 1 in Translocations
  6067 | D:5      | Identified the +6 shortbow of the Middle {velocity, rN+}
                  | (You found it on level 5 of the Dungeon)
  6153 | D:4      | Bought 10 arrows for 24 gold pieces
  6199 | D:6      | Reached XP level 8. HP: 50/50 MP: 11/13
  6310 | D:6      | Found Nigumaf's Antique Armour Shoppe.
  6439 | D:6      | Found a shattered altar of Ashenzari.
  6533 | D:6      | Reached skill level 5 in Conjurations
  6668 | D:6      | Got a twisted arbalest
  6823 | D:6      | Found a sacrificial altar of Ru.
  6863 | D:6      | Found a staircase to the Ecumenical Temple.
  6887 | D:6      | Reached skill level 6 in Conjurations
  7071 | Temple   | Entered the Ecumenical Temple
  7132 | Temple   | Became a worshipper of Vehumet
  7174 | D:6      | Reached skill level 7 in Conjurations
  7392 | D:6      | Identified the +4 arbalest "Raust" {venom, rF- rN+++ Int+3
                  | Dex-3 SInv} (You found it on level 6 of the Dungeon)
  7708 | D:7      | Reached XP level 9. HP: 40/54 MP: 11/15
  7864 | D:7      | Reached skill level 8 in Conjurations
  8524 | D:8      | Found a deep blue altar of Sif Muna.
  8529 | D:8      | Found a hide-covered altar of Uskayaw.
  8529 | D:8      | Found an ornate altar of the Wu Jian Council.
  8531 | D:8      | Noticed a four-headed hydra
  8758 | D:8      | Found a stormy altar of Qazlal.
  8819 | D:8      | Reached skill level 9 in Conjurations
  9344 | D:8      | Reached * piety under Vehumet
  9344 | D:8      | Offered knowledge of Sting by Vehumet.
  9586 | D:8      | Found Rots's Jewellery Shop.
 10158 | D:9      | Reached XP level 10. HP: 60/65 MP: 9/16
 10293 | D:9      | Found a staircase to the Orcish Mines.
 10399 | D:9      | Reached skill level 5 in Fighting
 11508 | D:9      | Killed a four-headed hydra
 11508 | D:9      | Reached skill level 10 in Conjurations
 11772 | D:10     | Entered Level 10 of the Dungeon
 11953 | D:10     | Reached ** piety under Vehumet
 11954 | D:10     | Offered knowledge of Freeze by Vehumet.
 12522 | D:10     | Noticed Psyche
 12529 | D:10     | Killed Psyche
 13037 | D:10     | Noticed a gargoyle
 13048 | D:10     | Killed a gargoyle
 13165 | D:10     | Noticed a six-headed hydra
 13250 | D:10     | Noticed a two-headed ogre
 13585 | D:10     | Killed a two-headed ogre
 13585 | D:10     | Reached XP level 11. HP: 67/75 MP: 12/17
 13707 | D:10     | Reached skill level 11 in Conjurations
 13882 | D:10     | Killed a six-headed hydra
 14124 | D:11     | Found Kasac's Magic Scroll Shoppe.
 14177 | D:11     | Offered knowledge of Static Discharge by Vehumet.
 14350 | D:11     | Noticed a manticore
 15342 | D:12     | Noticed a deep elf mage
 15352 | D:12     | Killed a deep elf mage
 15570 | D:12     | Reached *** piety under Vehumet
 15576 | D:12     | Reached skill level 10 in Dodging
 15798 | D:12     | Got a steaming dagger
 15955 | D:12     | Noticed a cyclops
 16402 | D:12     | Killed a cyclops
 16676 | D:12     | Noticed a brown ugly thing
 16683 | D:12     | Killed a brown ugly thing
 16683 | D:12     | Reached skill level 12 in Conjurations
 16900 | D:11     | Bought a scroll of random uselessness for 16 gold pieces
 16900 | D:11     | Bought a scroll of summoning for 152 gold pieces
 16900 | D:11     | Bought a scroll of enchant weapon for 120 gold pieces
 16900 | D:11     | Bought a scroll of torment for 120 gold pieces
 16900 | D:11     | Bought a scroll of identify for 32 gold pieces
 16900 | D:11     | Bought a scroll of identify for 32 gold pieces
 16900 | D:11     | Bought a scroll of identify for 32 gold pieces
 16900 | D:11     | Bought a scroll of teleportation for 48 gold pieces
 16900 | D:11     | Bought a scroll of teleportation for 48 gold pieces
 16931 | D:11     | Offered knowledge of Fulminant Prism by Vehumet.
 16940 | D:11     | Found a staircase to the Lair.
 17383 | D:11     | Reached XP level 12. HP: 58/82 MP: 18/18
 17956 | D:11     | Found Yxeap's Antique Weapon Emporium.
 18125 | D:11     | Found Gaiphar's Food Shop.
 18129 | D:11     | Found Umefu's Magic Scroll Shop.
 18238 | D:11     | Bought a scroll of fog for 22 gold pieces
 18298 | D:11     | Reached **** piety under Vehumet
 18662 | D:11     | Identified the cursed +2 dagger "Ytorirae" {vamp, rN+ MR-
                  | Stlth+} (You found it on level 12 of the Dungeon)
 18677 | D:11     | Learned a level 4 spell: Fulminant Prism
 18719 | D:13     | Found a gate to the Vaults.
 18719 | D:13     | Noticed a two-headed ogre
 18719 | D:13     | Noticed a centaur warrior
 18797 | D:13     | Noticed Rupert
 18906 | Orc:1    | Entered Level 1 of the Orcish Mines
 19083 | Orc:1    | Offered knowledge of Sticky Flame by Vehumet.
 19091 | Orc:1    | Learned a level 4 spell: Sticky Flame
 19375 | Orc:1    | Learned a level 3 spell: Inner Flame
 19385 | Orc:2    | Entered Level 2 of the Orcish Mines
 19385 | Orc:2    | Noticed an orc warlord
 19385 | Orc:2    | Noticed an orc high priest
 19780 | Orc:1    | Reached skill level 1 in Hexes
 20132 | Orc:1    | Found Xumyrphot's Antique Weapon Shoppe.
 20241 | Orc:2    | Found a runed gate.
 20241 | Orc:2    | Found a runed gate.
 20241 | Orc:2    | Found a runed gate.
 20255 | Orc:2    | Noticed Tubeyxat's ghost (journeyman HOMo)
 20256 | Orc:2    | Noticed HAL9000's ghost (journeyman MiFi)
 21356 | Orc:1    | Killed an orc high priest
 21356 | Orc:1    | Reached skill level 5 in Spellcasting
 22905 | Orc:1    | Killed an orc warlord
 23206 | Orc:2    | Noticed a two-headed ogre
 23232 | Orc:2    | Killed a two-headed ogre
 23790 | Orc:2    | Found a staircase to the Elven Halls.
 24033 | Orc:1    | HP: 3/82 [something/magic dart (10)]
 24517 | Orc:2    | Noticed an ogre mage
 24528 | Orc:2    | Killed an ogre mage
 24528 | Orc:2    | Reached skill level 13 in Conjurations
 24528 | Orc:2    | Reached XP level 13. HP: 62/88 MP: 11/24
 24530 | Orc:2    | Reached ***** piety under Vehumet
 24648 | Orc:2    | Noticed an ogre mage
 24660 | Orc:2    | Killed an ogre mage
 24660 | Orc:2    | Offered knowledge of Airstrike by Vehumet.
 24724 | Orc:2    | Paralysed by an orc sorcerer for 3 turns
 24979 | Orc:2    | Paralysed by an orc sorcerer for 5 turns
 25496 | Orc:2    | Found Plog's Book Boutique.
 25530 | Orc:2    | Found a radiant altar of Vehumet.
 25531 | Orc:2    | Noticed an ogre mage
 25543 | Orc:2    | Killed an ogre mage
 25703 | Orc:2    | Found Eteuhol's Magic Scroll Boutique.
 25831 | Orc:2    | Found a roughly hewn altar of Beogh.
 26710 | Orc:2    | Found an ancient bone altar of Kikubaaqudgha.
 26775 | Orc:2    | Found Teozxyth's Book Shop.
 26814 | Orc:2    | Bought a scroll of holy word for 90 gold pieces
 26829 | Orc:2    | Found Faagg's Antique Armour Shop.
 26837 | Orc:2    | Bought a glowing hat for 231 gold pieces
 27161 | Orc:1    | Quit the game

Vault maps used:
D:1:      ncdulo_halloftheorcs, minmay_misc_feat_nine_boxes
D:2:      tso_metal_star, trog_butcher_becter
D:3:      lemuel_round_altar, uniq_crazy_yiuf_cottage, uniq_natasha
D:4:      serial_shops, nicolae_shop_behind_doors, st_stairs_1,
          hangedman_feature_mirror, grunt_decor_resistance, fedhas_altar_2,
          uniq_blork_the_orc
D:5:      grunt_temple_overflow_champion_of_chaos, nemelex_altar_shiori,
          first_ration, kennysheep_generic_room_5
D:6:      nicolae_ru_path_of_blood, nicolae_overflow_hidden_temple,
          minmay_temple_entry_glassed_door, serial_shops, shop,
          skrybe_limestone_x
D:8:      grunt_temple_overflow_open, serial_shops,
          nicolae_shop_competitors_out_of_business,
          hangedman_little_slice_of_home, grunt_qazlal_sundering
D:9:      orc_0_dummy, minivault_5
D:10:     uniq_psyche
D:11:     erik_lair_island, serial_shops, shop, kennysheep_little_box,
          shop_statue, nicolae_shop_stone
D:13:     david_vaults_3, uniq_rupert
Temple:   nicolae_temple_x_marks_the_god
Orc:1:    serial_shops, nicolae_shop_statue_plus
Orc:2:    kennysheep_orc_mage_school, gammafunk_ghost_cemetery

Skill      XL: |  1  2  3  4  5  6  7  8  9 10 11 12 13 |
---------------+----------------------------------------+-----
Dodging        | 1 2 3 4 5 6 7 9 10 12 | 12.0
Poison Magic   | 1 |  1.0
Conjurations   | 1 2 4 7 9 10 12 13 | 13.9
Air Magic      | 1 |  1.1
Spellcasting   | 2 3 4 7 8 |  8.0
Translocations | 1 |  1.2
Fighting       | 4 7 8 |  8.0
Evocations     | 2 |  2.0
Hexes          | 2 |  2.0
Crossbows      | |  1.0
Stealth        | |  1.3
Fire Magic     | |  4.0

Action                   |  1- 3 |  4- 6 |  7- 9 | 10-12 | 13-15 || total
-------------------------+-------+-------+-------+-------+-------++-------
Melee: Dagger            |       |    61 |    33 |       |       ||    94
       Constrict         |       |    13 |    51 |   109 |    17 ||   190
       Tentacles         |       |    14 |    54 |   146 |    36 ||   250
       Quarterstaff      |       |       |   182 |    83 |       ||   265
       Flail             |       |       |       |   431 |   100 ||   531
 Fire: Hand crossbow     |    97 |    26 |    19 |       |       ||   142
       Arbalest          |       |       |     4 |    33 |       ||    37
       Shortbow          |       |       |     2 |     7 |       ||     9
 Cast: Magic Dart        |       |    30 |    24 |    97 |       ||   151
       Conjure Flame     |       |     3 |     6 |    27 |       ||    36
       Mephitic Cloud    |       |     2 |     7 |    31 |     4 ||    44
       Blink             |       |       |     1 |     9 |     2 ||    12
       Sticky Flame      |       |       |       |    54 |    35 ||    89
       Fulminant Prism   |       |       |       |    16 |     4 ||    20
       Inner Flame       |       |       |       |     2 |       ||     2
Evoke: Wand              |       |       |       |    25 |       ||    25
  Use: Scroll            |       |     7 |     3 |    14 |     2 ||    26
       Potion            |       |     1 |     1 |     5 |     1 ||     8
 Stab: Sleeping          |       |     3 |    15 |    10 |       ||    28
       Confused          |       |     1 |     2 |    12 |     1 ||    16
       Paralysed         |       |       |     2 |     1 |       ||     3
       Invisible         |       |       |       |     1 |       ||     1
  Eat: Chunk             |     1 |     7 |    13 |    35 |     8 ||    64
       Ration            |       |     1 |     2 |     8 |     1 ||    12
Armor: Skin              |     1 |     2 |     9 |    58 |    26 ||    96
Dodge: Dodged            |    36 |    42 |   174 |   670 |    99 ||  1021

Table legend:
 A = Non-vault XP
 B = Vault XP
 C = Vault XP percentage of total XP
 D = Non-vault monster count
 E = Vault monster count
 F = Vault count percentage of total count
                 A         B        C        D         E       F
            +---------+---------+-------+---------+---------+-------
      Total |   29931 |    9931 |  24.9 |     368 |      60 |  14.0
            +---------+---------+-------+---------+---------+-------
        D:1 |      42 |       0 |   0.0 |      23 |       0 |   0.0
        D:2 |      58 |       7 |  10.8 |      23 |       4 |  14.8
        D:3 |     184 |      76 |  29.2 |      18 |       2 |  10.0
        D:4 |     381 |     159 |  29.4 |      13 |       3 |  18.8
        D:5 |     234 |      50 |  17.6 |      19 |       2 |   9.5
        D:6 |    1067 |       0 |   0.0 |      16 |       0 |   0.0
        D:7 |     827 |       0 |   0.0 |      10 |       0 |   0.0
        D:8 |    1060 |     165 |  13.5 |      22 |       8 |  26.7
        D:9 |    2273 |       0 |   0.0 |      23 |       0 |   0.0
       D:10 |    4492 |     323 |   6.7 |      38 |       1 |   2.6
       D:11 |    4162 |     685 |  14.1 |      28 |       6 |  17.6
       D:12 |    5047 |       0 |   0.0 |      43 |       0 |   0.0
      Orc:1 |    7352 |     726 |   9.0 |      63 |       3 |   4.5
      Orc:2 |    2752 |    7740 |  73.8 |      29 |      31 |  51.7
            +---------+---------+-------+---------+---------+-------
